 Dungeon Crawl Stone Soup version 0.15-a0-2213-gb17132f (webtiles) character file.

130113 MRaven the Destroyer (level 16, -4/116 HPs)
             Began as a Demonspawn Wizard on July 22, 2014.
             Was the Champion of Vehumet.
             Slain by a tarantella (15 damage)
             ... on Level 2 of the Spider Nest on July 24, 2014.
             The game lasted 06:47:21 (49544 turns).

MRaven the Destroyer (Demonspawn Wizard)           Turns: 49544, Time: 06:47:22

HP  -4/116       AC  5     Str  7      XL: 16   Next: 52%
MP   0/36        EV 18     Int 26      God: Vehumet [******]
Gold 781         SH  6     Dex 15      Spells: 10 memorised,  7 levels left

rFire  + + .     SeeInvis +     X - +2 hand axe "Conservator" {chop, SInv}
rCold  . . .     Clarity  +     r - -4 robe of Sloth {rF++ Dex+2 Curse}
rNeg   . . .     rCorr    .     s - +0 buckler
rPois  +         rRot     +     b - +0 hat
rElec  .         Spirit   +     h - +1 cloak
SustAb .         Warding  .     y - +0 pair of gloves
rMut   .         Stasis   .     k - +0 pair of boots
Gourm  .                        w - amulet of clarity
MR     +....                    U - ring of wizardry
                                Z - ring of poison resistance

@: repel missiles, somewhat resistant to hostile enchantments, unstealthy
A: hooves 2, large bone plates 2, foul stench 2, spit poison 2, magic shield,
magic regeneration, rot immunity
a: Spit Poison, Renounce Religion


You were on level 2 of the Spider Nest.
You worshipped Vehumet.
Vehumet was exalted by your worship.
You were not hungry.

You visited 5 branches of the dungeon, and saw 30 of its levels.
You also visited: Bailey and Volcano.

You collected 2480 gold pieces.
You spent 1699 gold pieces at shops.

Inventory:

Hand weapons
 L - the +6 great mace "Hellblazer" {crush, Int+4}
   (You bought it in a shop on level 4 of the Orcish Mines)

   It inflicts extra damage upon your enemies.
   It affects your intelligence (+4).
 X - the +2 hand axe "Conservator" (weapon) {chop, SInv}
   (You found it on level 9 of the Dungeon)

   It inflicts extra damage upon your enemies.
   It enhances your eyesight.
Armour
 b - a +0 hat (worn)
 h - a +1 cloak (worn)
 k - a +0 pair of boots (worn)
 r - the -4 robe of Sloth (worn) {rF++ Dex+2 Curse}
   (You found it on level 7 of the Lair of Beasts)

   It affects your dexterity (+2).
   It greatly protects you from fire.
   It may recurse itself when equipped.
 s - a +0 buckler (worn)
 y - a +0 pair of gloves (worn)
 N - a +0 leather armour of cold resistance
Comestibles
 d - 3 bread rations
 u - 3 meat rations
Scrolls
 a - 2 scrolls of identify
 e - a scroll of vulnerability {unknown}
 f - 3 scrolls of enchant weapon
 g - 2 scrolls of teleportation
 m - 7 scrolls of recharging
 p - a scroll of silence
 q - 12 scrolls of remove curse
 z - 8 scrolls of enchant armour
 C - 4 scrolls of magic mapping
 H - 5 scrolls of fog
Jewellery
 v - an uncursed amulet of stasis
 w - an amulet of clarity (around neck)
 E - an uncursed ring of magical power
 F - the amulet "Kutuihis" {rMut Dex+2}
   (You found it on level 7 of the Dungeon)

   [amulet of resist mutation]

   It protects you from mutation.
   It affects your dexterity (+2).
 P - a cursed ring of protection from magic
 U - a ring of wizardry (right hand)
 Y - an uncursed amulet of resist corrosion
 Z - a ring of poison resistance (left hand)
Potions
 i - 2 potions of invisibility
 j - 2 potions of cancellation
 n - a potion of cure mutation
 o - 6 potions of agility
 A - 2 potions of might
 B - 9 potions of curing
 G - 3 potions of restore abilities
 I - 5 potions of brilliance
 J - a potion of resistance
 R - 5 potions of berserk rage
 T - 2 potions of porridge
Books
 c - a book of Minor Magic

   Spells                             Type                      Level
   *Magic Dart                        Conjuration                  1
   *Blink                             Translocation                2
   Call Imp                           Summoning                    2
   *Repel Missiles                    Charms/Air                   2
   Slow                               Hexes                        2
   *Conjure Flame                     Conjuration/Fire             3
   *Mephitic Cloud                    Conjuration/Poison/Air       3
 t - the Catalogue of Weightlessness
   (You acquired it on level 3 of the Lair of Beasts)

   Spells                             Type                      Level
   Flight                             Charms/Air                   3
   Airstrike                          Air                          4
   Tornado                            Air                          9
 x - a book of Conjurations

   Spells                             Type                      Level
   *Magic Dart                        Conjuration                  1
   Searing Ray                        Conjuration                  2
   Dazzling Spray                     Conjuration/Hexes            3
   Fulminant Prism                    Conjuration/Hexes            4
   Iskenderun's Mystic Blast          Conjuration                  4
   Iskenderun's Battlesphere          Conjuration/Charms           5
 D - a book of Maledictions

   Spells                             Type                      Level
   Corona                             Hexes                        1
   Sure Blade                         Hexes/Charms                 2
   Ensorcelled Hibernation            Hexes/Ice                    2
   Confuse                            Hexes                        3
   Dazzling Spray                     Conjuration/Hexes            3
   Enslavement                        Hexes                        4
 K - a book of Summonings

   Spells                             Type                      Level
   Abjuration                         Summoning                    3
   Recall                             Summoning/Translocation      3
   Shadow Creatures                   Summoning                    5
   Summon Demon                       Summoning                    5
   Summon Forest                      Summoning/Translocation      5
   Monstrous Menagerie                Summoning                    6
 M - a book of Geomancy

   Spells                             Type                      Level
   Sandblast                          Earth                        1
   Stoneskin                          Transmutation/Earth          2
   Passwall                           Transmutation/Earth          3
   *Stone Arrow                       Conjuration/Earth            3
   Petrify                            Transmutation/Earth          4
   Lee's Rapid Deconstruction         Earth                        5
 O - a book of Cantrips

   Spells                             Type                      Level
   Corona                             Hexes                        1
   Animate Skeleton                   Necromancy                   1
   Summon Small Mammal                Summoning                    1
   Apportation                        Translocation                1
 Q - a book of Party Tricks

   Spells                             Type                      Level
   Summon Butterflies                 Summoning                    1
   Apportation                        Translocation                1
   *Blink                             Translocation                2
   Tukima's Dance                     Hexes                        3
   Alistair's Intoxication            Transmutation/Poison         4
 S - a book of Spatial Translocations

   Spells                             Type                      Level
   Apportation                        Translocation                1
   *Blink                             Translocation                2
   Shroud of Golubria                 Charms/Translocation         2
   Portal Projectile                  Translocation                3
   Teleport Other                     Translocation                3
   Passage of Golubria                Translocation                4
 W - a book of Callings

   Spells                             Type                      Level
   Summon Small Mammal                Summoning                    1
   Call Imp                           Summoning                    2
   Call Canine Familiar               Summoning                    3
   Summon Guardian Golem              Hexes/Summoning              4
   Summon Lightning Spire             Summoning/Air                4
   Summon Ice Beast                   Ice/Summoning                4


   Skills:
 - Level 7.8 Fighting
 + Level 11.3 Dodging
 - Level 1.7 Stealth
 * Level 13.5 Spellcasting
 - Level 15.1 Conjurations
   Level 1.0 Summonings
 - Level 0.8 Translocations
 - Level 7.6 Fire Magic
 + Level 12.0 Air Magic
 - Level 5.8 Poison Magic


You had 7 spell levels left.
You knew the following spells:

 Your Spells              Type           Power        Failure   Level  Hunger
a - Magic Dart            Conj           ####         0%          1    None
b - Blink                 Tloc           N/A          1%          2    None
c - Delayed Fireball      Conj/Fire      N/A          4%          7    ######.
d - Repel Missiles        Chrm/Air       #####.       1%          2    None
e - Mephitic Cloud        Conj/Pois/Air  ######..     1%          3    None
f - Conjure Flame         Conj/Fire      ######..     1%          3    None
g - Static Discharge      Conj/Air       ######..     1%          3    None
h - Stone Arrow           Conj/Erth      ######       1%          3    None
i - Lightning Bolt        Conj/Air       ######....   1%          5    None
j - Freezing Cloud        Conj/Ice/Air   ######....   2%          6    ####...


Dungeon Overview and Level Annotations

Branches:
Dungeon (15/15)            Temple (1/1) D:6             Orc (4/4) D:9
    Elf (0/3) Orc:4          Lair (8/8) D:8          Shoals (0/5) Lair:3
 Spider (2/5) Lair:5        Slime (0/6) Lair:8       Vaults (0/5) D:14
 Depths (0/5) D:15

Altars:
Cheibriados
Dithmenos
Elyvilon
Fedhas
Gozag
Kikubaaqudgha
Nemelex Xobeh
Qazlal
Vehumet
Xom
Yredelemnul
The Shining One
Beogh

Shops:
D:4 !   Orc:4 [}!:*(%**

Annotations:
D:3 Grinder


Innate Abilities, Weirdness & Mutations

You have hoof-like feet.
You are mostly covered in large bone plates (AC +3, SH +3).
You radiate miasma.
When hurt, damage is shared between your health and your magic reserves.
You regenerate magic rapidly.
You are immune to rotting.
You can spit moderately strong poison.


Message History

* * * LOW HITPOINT WARNING * * *
You are even more entangled.
The jumping spider bites you.
* * * LOW HITPOINT WARNING * * *
You are lethally poisoned!
The jumping spider poisons you!
Drink which item? (? for menu, Esc to quit)
You feel better.
Your surroundings suddenly seem different.
A tarantella comes into view.
The tarantella hisses angrily.
Found a stone staircase leading down.
Read which item? (? for menu, Esc to quit)
As you read the scroll of fog, it crumbles to dust.
The scroll dissolves into smoke.
Vehumet accepts your kill.
You feel your power returning.
You feel a bit more experienced. The tarantella bites you!
* * * LOW HITPOINT WARNING * * *
The tarantella bites you!
You die...

# #^#####
#..§§§#.##
#.§s@§§..#
#..#s§§§§..#
....§§.#.#..#
#.#..#...# ..
. >...#..##
... ... ####
# .


You could see an emperor scorpion and a tarantella.

Vanquished Creatures
  7 dire elephants
  An ettin (Orc:4)
  8 vault guards (D:14)
  3 centaur warriors
  10 hydras
  An anaconda (Lair:8)
  A ghost crab (shapeshifter) (D:13)
  10 death yaks
  3 tengu warriors
  An ogre mage (Volcano)
  Urug (D:13)
  An orc high priest (Orc:4)
  Nergalle (D:13)
  5 skeletal warriors (D:12)
  A catoblepas (Lair:6)
  3 orb spiders
  3 unseen horrors
  5 hill giants
  Pikel (D:6)
  A wolf spider zombie (D:13)
  3 manticores
  2 griffons
  9 orc knights
  2 orc sorcerers
  7 wolf spiders
  10 black mambas
  20 elephants
  A cyclops (D:15)
  12 spiny frogs
  3 gargoyles
  2 torpor snails
  5 fire drakes
  5 yaktaurs
  A yaktaur (shapeshifter) (D:15)
  A freezing wraith (D:15)
  2 hydra zombies (D:13)
  A demonic crawler (Spider:2)
  3 tengu conjurers
  11 komodo dragons
  14 jumping spiders
  5 trolls
  2 merfolk (Lair:3)
  6 two-headed ogres
  23 blink frogs
  A harpy skeleton (D:15)
  12 ravens
  5 slime creatures
  4 basilisks
  4 wyverns
  69 yaks
  18 redbacks
  2 deep elf magi
  5 tarantellas
  3 trapdoor spiders
  A hill giant zombie (D:14)
  A shadow (D:14)
  13 hippogriffs
  Eustachio (D:6)
  A fire bat (Volcano)
  2 wraiths
  4 hungry ghosts
  2 water elementals (D:15)
  8 vampire mosquitoes
  2 wargs
  15 ugly things
  A tengu zombie (D:15)
  A mottled dragon (D:11)
  A soldier ant (D:11)
  19 water moccasins
  12 wolves
  41 orc warriors
  2 tengu skeletons
  10 porcupines
  A human skeleton (D:15)
  3 ice beasts
  A black bear (D:13)
  2 necrophages
  7 sky beasts
  A phantom (D:5)
  3 boggarts (D:15)
  A boring beetle (Lair:7)
  2 yellow wasps (D:14)
  14 ogres
  7 spiders (Spider:1)
  18 centaurs
  3 slaves (D:6)
  Duvessa (D:8)
  5 big kobolds
  A gnoll sergeant (D:9)
  14 crocodiles
  Blork the orc (D:8)
  25 giant frogs
  A wyvern zombie (D:13)
  2 cyclops zombies
  A cyclops skeleton (D:12)
  7 killer bees
  4 scorpions
  An eye of draining (D:15)
  18 wights
  11 crimson imps
  A lava snake (Volcano)
  4 electric eels
  Dowan (D:8)
  2 elf zombies
  16 orc priests
  2 centaur zombies
  A gnoll shaman (D:9)
  14 worker ants
  5 goliath beetles
  An elf skeleton (D:10)
  14 hounds
  7 jellies
  22 orc wizards
  A giant frog skeleton (D:5)
  A black bear skeleton (D:4)
  A basilisk skeleton (D:12)
  15 iguanas
  6 orange rats (Lair:6)
  2 human zombies
  21 sheep
  An ogre zombie (D:10)
  Ijyb (D:6)
  2 ogre skeletons
  3 mummies
  A hound zombie (D:10)
  A worker ant zombie (D:5)
  19 gnolls
  22 adders
  2 orc zombies (D:15)
  4 shadow imps
  58 green rats
  5 giant mites
  An ufetubus (D:6)
  A worm (D:2)
  An adder zombie (D:9)
  7 giant geckos
  An ooze (D:6)
  165 orcs
  A ball python (D:1)
  19 bats
  4 giant cockroaches
  17 goblins
  12 hobgoblins
  24 jackals
  37 kobolds
  A giant gecko skeleton (D:8)
  3 giant newts
  A giant spore (D:11)
  A hobgoblin skeleton (D:9)
  A hobgoblin zombie (D:8)
  An orc skeleton (D:6)
  14 quokkas
  A quokka skeleton (D:7)
  15 rats
  A spectral orc (D:13)
  9 ballistomycetes
  6 fungi
  9 plants
1241 creatures vanquished.

Vanquished Creatures (others)
  A slave (D:6)
  A giant frog (D:6)
  A quokka (D:8)
  4 giant spores (D:6)
  A ballistomycete (D:6)
  A bush (Lair:8)
  18 fungi
  39 plants
66 creatures vanquished.

Grand Total: 1307 creatures vanquished

Notes
Turn   | Place    | Note
--------------------------------------------------------------
     0 | D:1      | MRaven, the Demonspawn Wizard, began the quest for the Orb.
     0 | D:1      | Reached XP level 1. HP: 13/13 MP: 4/4
   871 | D:1      | Gained mutation: When hurt, damage is shared between your health and your magic reserves. [demonic ancestry]
   871 | D:1      | Reached XP level 2. HP: 19/19 MP: 1/6
   922 | D:1      | Learned a level 2 spell: Blink
   925 | D:1      | Learned a level 2 spell: Slow
   928 | D:1      | Learned a level 2 spell: Repel Missiles
  1989 | D:2      | Gained mutation: You regenerate magic rapidly. [demonic ancestry]
  1989 | D:2      | Reached XP level 3. HP: 22/24 MP: 1/8
  2595 | D:2      | Gained mutation: You have large cloven feet. [demonic ancestry]
  2595 | D:2      | Reached XP level 4. HP: 30/30 MP: 8/10
  2602 | D:2      | Learned a level 3 spell: Mephitic Cloud
  2820 | D:3      | Reached skill level 4 in Spellcasting
  3643 | D:3      | Noticed Grinder
  3918 | D:3      | Reached XP level 5. HP: 18/35 MP: 0/13
  4563 | D:4      | Found Pnukkom's Distillery.
  4575 | D:4      | Bought a potion of restore abilities for 36 gold pieces
  4575 | D:4      | Bought a potion of heal wounds for 36 gold pieces
  4575 | D:4      | Bought a potion of lignification for 24 gold pieces
  4575 | D:4      | Bought a potion of brilliance for 30 gold pieces
  4575 | D:4      | Bought a potion of cancellation for 66 gold pieces
  4688 | D:4      | Noticed an ogre
  4694 | D:4      | Killed an ogre
  4694 | D:4      | Reached skill level 5 in Spellcasting
  4694 | D:4      | Reached XP level 6. HP: 41/41 MP: 10/17
  4897 | D:5      | Entered Level 5 of the Dungeon
  4941 | D:5      | Learned a level 3 spell: Conjure Flame
  4986 | D:5      | Reached skill level 5 in Conjurations
  5236 | D:5      | Gained mutation: You are partially covered in large bone plates (AC +2, SH +2). [demonic ancestry]
  5236 | D:5      | Reached XP level 7. HP: 44/46 MP: 11/18
  5308 | D:5      | Found Vorireus' Magic Scroll Shoppe.
  5362 | D:5      | Reached skill level 6 in Conjurations
  5477 | D:5      | Found a blossoming altar of Fedhas.
  5482 | D:5      | Found a stormy altar of Qazlal.
  5549 | D:5      | Found a shadowy altar of Dithmenos.
  5613 | D:5      | Reached skill level 7 in Conjurations
  6138 | D:6      | Found a staircase to the Ecumenical Temple.
  6161 | D:6      | Noticed Eustachio
  6171 | Temple   | Entered the Ecumenical Temple
  6237 | Temple   | Became a worshipper of Vehumet
  6337 | D:6      | Reached skill level 8 in Conjurations
  6337 | D:6      | Gained mutation: You are immune to rotting. [demonic ancestry]
  6337 | D:6      | Reached XP level 8. HP: 52/52 MP: 15/20
  6628 | D:6      | Killed Eustachio
  6673 | D:6      | Reached skill level 9 in Conjurations
  6785 | D:6      | Noticed Pikel
  7034 | D:6      | Reached skill level 1 in Air Magic
  7034 | D:6      | Reached skill level 1 in Poison Magic
  7081 | D:6      | Noticed Ijyb
  7097 | D:6      | Killed Ijyb
  7244 | D:6      | Found a sparkling altar of Nemelex Xobeh.
  7402 | D:6      | Found an ancient bone altar of Kikubaaqudgha.
  7439 | D:6      | Killed Pikel
  7439 | D:6      | Gained mutation: You emit a foul stench. [demonic ancestry]
  7439 | D:6      | Reached XP level 9. HP: 57/57 MP: 10/22
  8456 | D:7      | Acquired Vehumet's first power
  8456 | D:7      | Offered knowledge of Sting by Vehumet.
  8469 | D:7      | Got a vibrating pewter amulet
  8476 | D:7      | Identified the amulet "Kutuihis" {rMut Dex+2} (You found it on level 7 of the Dungeon)
  9259 | D:8      | Reached skill level 5 in Poison Magic
  9534 | D:8      | Offered knowledge of Shock by Vehumet.
  9566 | D:8      | Reached skill level 5 in Air Magic
  9723 | D:8      | Noticed a fire drake
  9740 | D:8      | Killed a fire drake
  9740 | D:8      | Gained mutation: You are mostly covered in large bone plates (AC +3, SH +3). [demonic ancestry]
  9740 | D:8      | Reached XP level 10. HP: 63/63 MP: 10/25
  9752 | D:8      | Found a staircase to the Lair.
 10086 | D:8      | Killed an unseen horror
 10086 | D:8      | Reached skill level 10 in Conjurations
 10460 | D:8      | Noticed Blork the orc
 10469 | D:8      | Killed Blork the orc
 10581 | D:8      | Offered knowledge of Static Discharge by Vehumet.
 10616 | D:8      | Learned a level 3 spell: Static Discharge
 10716 | D:8      | Found a white marble altar of Elyvilon.
 10730 | D:8      | Noticed Dowan
 10734 | D:8      | Killed Dowan
 10735 | D:8      | Noticed Duvessa
 10753 | D:8      | Killed Duvessa
 10909 | Lair:1   | Entered Level 1 of the Lair of Beasts
 11193 | Lair:1   | Found a dark tunnel.
 11202 | Volcano  | Entered a volcano
 11255 | Volcano  | Reached skill level 1 in Fighting
 11529 | Volcano  | Found a burning altar of Makhleb.
 11532 | Volcano  | Noticed an ogre mage
 11554 | Volcano  | Killed an ogre mage
 11558 | Volcano  | Acquired Vehumet's second power
 11669 | Volcano  | Noticed a hill giant
 11730 | Volcano  | Killed a hill giant
 12622 | Lair:1   | Offered knowledge of Olgreb's Toxic Radiance by Vehumet.
 12622 | Lair:1   | Reached XP level 11. HP: 53/76 MP: 26/26
 12728 | Lair:1   | Learned a level 3 spell: Stone Arrow
 12949 | Lair:1   | Reached skill level 11 in Conjurations
 14342 | Lair:2   | Noticed a five-headed hydra
 14490 | Lair:2   | Reached skill level 5 in Fighting
 14505 | Lair:2   | Upgraded the game from 0.15-a0-2193-g309c75d to 0.15-a0-2198-g7f377d1
 14655 | Lair:2   | Reached skill level 5 in Dodging
 14823 | Lair:2   | Killed a five-headed hydra
 14917 | Lair:2   | Acquired Vehumet's third power
 15012 | Lair:2   | Offered knowledge of Iskenderun's Mystic Blast by Vehumet.
 16283 | Lair:3   | Reached skill level 12 in Conjurations
 17041 | Lair:3   | Identified a scroll of acquirement
 17042 | Lair:3   | Identified the Catalogue of Weightlessness (You acquired it on level 3 of the Lair of Beasts)
 17401 | Lair:3   | Found a staircase to the Shoals.
 17530 | Lair:3   | Gained mutation: You radiate miasma. [demonic ancestry]
 17530 | Lair:3   | Reached XP level 12. HP: 91/91 MP: 20/27
 19024 | Lair:5   | Gained mutation: You can spit poison. [potion of beneficial mutation]
 19906 | Lair:5   | Offered knowledge of Delayed Fireball by Vehumet.
 20042 | Lair:5   | Found a hole to the Spider Nest.
 21845 | Lair:6   | Reached XP level 13. HP: 84/98 MP: 15/28
 21912 | Lair:6   | Learned a level 7 spell: Delayed Fireball
 22094 | Lair:6   | Noticed a five-headed hydra
 22094 | Lair:6   | Reached skill level 1 in Fire Magic
 22590 | Lair:6   | Reached skill level 13 in Conjurations
 23656 | Lair:7   | Got a creamy pearl robe
 23673 | Lair:7   | Identified the cursed -4 robe of Sloth {rF++ Dex+2 Curse} (You found it on level 7 of the Lair of Beasts)
 23738 | Lair:7   | Offered knowledge of Lightning Bolt by Vehumet.
 23781 | Lair:7   | Learned a level 5 spell: Lightning Bolt
 25057 | Lair:8   | Entered Level 8 of the Lair of Beasts
 25789 | Lair:8   | Reached skill level 5 in Fire Magic
 25811 | Lair:8   | Noticed a dire elephant
 25824 | Lair:8   | Killed a dire elephant
 26079 | Lair:8   | Noticed a dire elephant
 26079 | Lair:8   | Noticed a dire elephant
 26095 | Lair:8   | Noticed a dire elephant
 26108 | Lair:8   | Reached XP level 14. HP: 102/104 MP: 31/31
 26635 | Lair:8   | Found a staircase to the Slime Pits.
 26836 | Lair:8   | Reached skill level 10 in Air Magic
 27209 | D:5      | Bought a scroll of enchant armour for 90 gold pieces
 27209 | D:5      | Bought a scroll of identify for 24 gold pieces
 27209 | D:5      | Bought 3 scrolls of identify for 72 gold pieces
 27209 | D:5      | Bought a scroll of teleportation for 36 gold pieces
 27209 | D:5      | Bought a scroll of identify for 24 gold pieces
 27209 | D:5      | Bought a scroll of identify for 24 gold pieces
 27209 | D:5      | Bought a scroll of fog for 24 gold pieces
 27209 | D:5      | Bought a scroll of enchant weapon for 90 gold pieces
 27209 | D:5      | Bought a scroll of identify for 24 gold pieces
 27209 | D:5      | Bought a scroll of identify for 24 gold pieces
 27209 | D:5      | Bought a scroll of identify for 24 gold pieces
 27279 | D:4      | Bought a potion of heal wounds for 36 gold pieces
 27279 | D:4      | Bought a potion of agility for 30 gold pieces
 28424 | Lair:8   | Reached skill level 10 in Spellcasting
 29319 | Lair:8   | Killed a dire elephant
 29345 | Lair:8   | Noticed a dire elephant
 29364 | Lair:8   | Killed a dire elephant
 30102 | Lair:8   | Killed a dire elephant
 30103 | Lair:8   | Killed a dire elephant
 30217 | Lair:8   | Noticed a dire elephant
 30222 | Lair:8   | Killed a dire elephant
 30512 | Lair:6   | Killed a five-headed hydra
 30811 | D:9      | Got a polished hand axe
 30812 | D:9      | Identified the +2 hand axe "Conservator" {chop, SInv} (You found it on level 9 of the Dungeon)
 30821 | D:9      | Offered knowledge of Poison Arrow by Vehumet.
 30853 | D:9      | Found a snail-covered altar of Cheibriados.
 31274 | D:9      | Found a white marble altar of Elyvilon.
 31274 | D:9      | Found an opulent altar of Gozag.
 31511 | D:9      | Found a staircase to the Orcish Mines.
 31685 | Orc:1    | Entered Level 1 of the Orcish Mines
 32507 | Orc:4    | Entered Level 4 of the Orcish Mines
 32543 | Orc:4    | Offered knowledge of Force Lance by Vehumet.
 32922 | Orc:4    | Found a roughly hewn altar of Beogh.
 33087 | Orc:4    | Found Oqaumau's Food Shoppe.
 33087 | Orc:4    | Found Psom's General Store.
 33355 | Orc:4    | Reached skill level 14 in Conjurations
 33683 | Orc:4    | Found Triafi's Gadget Emporium.
 33923 | Orc:4    | Found a staircase to the Elven Halls.
 33959 | Orc:4    | Found Stroqokh's Armour Shop.
 33995 | Orc:4    | Found Plychyq's General Store.
 34000 | Orc:4    | Found Ebrucabb's Distillery.
 34004 | Orc:4    | Bought a scroll of identify for 24 gold pieces
 34004 | Orc:4    | Bought a scroll of teleportation for 36 gold pieces
 34004 | Orc:4    | Bought a scroll of identify for 24 gold pieces
 34012 | Orc:4    | Bought a potion of curing for 28 gold pieces
 34012 | Orc:4    | Bought a potion of invisibility for 77 gold pieces
 34012 | Orc:4    | Bought a potion of haste for 98 gold pieces
 34012 | Orc:4    | Bought 2 potions of curing for 56 gold pieces
 34012 | Orc:4    | Bought a potion of heal wounds for 42 gold pieces
 34012 | Orc:4    | Bought a potion of invisibility for 77 gold pieces
 34023 | Orc:4    | Found Ynemoemp's Book Boutique.
 34106 | Orc:4    | Found Hiproc's Weapon Emporium.
 34108 | Orc:4    | Found Lediloekhe's Assorted Antiques.
 34230 | Orc:4    | Bought a scroll of teleportation for 45 gold pieces
 34239 | Orc:4    | Bought a pitted copper ring for 145 gold pieces
 34239 | Orc:4    | Bought a steaming great mace for 333 gold pieces
 34249 | Orc:4    | Identified the +6 great mace "Hellblazer" {crush, Int+4} (You bought it in a shop on level 4 of the Orcish Mines)
 34250 | Orc:4    | Identified the cursed ring of Smit {Str-3 Dex+4 Int+4} (You bought it in a shop on level 4 of the Orcish Mines)
 34292 | Orc:4    | Offered knowledge of Conjure Ball Lightning by Vehumet.
 34363 | D:10     | Entered Level 10 of the Dungeon
 35955 | D:11     | Gained mutation: You have hoof-like feet. [demonic ancestry]
 35955 | D:11     | Reached XP level 15. HP: 104/110 MP: 28/33
 36422 | D:12     | Found a flagged portal.
 36430 | D:12     | Got an encrusted spear
 36431 | D:12     | Identified the +8 spear of the Morning {drain, rF+ Int-1} (You found it on level 12 of the Dungeon)
 36435 | Bailey   | Entered a bailey
 36814 | Bailey   | Offered knowledge of Bolt of Fire by Vehumet.
 38209 | D:12     | Gained mutation: You can spit moderately strong poison. [potion of beneficial mutation]
 39868 | D:13     | Found a glowing golden altar of the Shining One.
 39886 | D:13     | Reached skill level 10 in Dodging
 40504 | D:13     | Noticed Nergalle
 40514 | D:13     | Killed Nergalle
 40515 | D:13     | Noticed Urug
 40795 | D:13     | Killed Urug
 41295 | D:13     | Offered knowledge of Freezing Cloud by Vehumet.
 41357 | D:13     | Learned a level 6 spell: Freezing Cloud
 42935 | D:14     | Found a gate to the Vaults.
 43690 | D:15     | Entered Level 15 of the Dungeon
 43898 | D:15     | Upgraded the game from 0.15-a0-2198-g7f377d1 to 0.15-a0-2213-gb17132f
 43917 | D:15     | Reached XP level 16. HP: 113/116 MP: 30/35
 44611 | D:15     | Offered knowledge of Fire Storm by Vehumet.
 44611 | D:15     | Offered knowledge of Shatter by Vehumet.
 44611 | D:15     | Offered knowledge of Chain Lightning by Vehumet.
 45249 | D:15     | Reached skill level 15 in Conjurations
 45570 | D:15     | Found a staircase to the Depths.
 46671 | Spider:1 | Entered Level 1 of the Spider Nest
 49544 | Spider:2 | Slain by a tarantella

Action                   |  1- 3 |  4- 6 |  7- 9 | 10-12 | 13-15 | 16-18 || total
-------------------------+-------+-------+-------+-------+-------+-------++-------
Melee: Spear             |    32 |    89 |     5 |       |       |       ||   126
       Unarmed           |     4 |       |       |       |       |       ||     4
       Dagger            |     4 |       |       |       |       |       ||     4
       Halberd           |       |       |   248 |   284 |    66 |       ||   598
       Hand axe          |       |       |       |       |   284 |    34 ||   318
 Cast: Magic Dart        |   101 |   109 |   375 |   234 |   268 |    11 ||  1098
       Mephitic Cloud    |       |     6 |    21 |    79 |   119 |    16 ||   241
       Conjure Flame     |       |     1 |    47 |    30 |    46 |    18 ||   142
       Repel Missiles    |       |       |     1 |     1 |       |     1 ||     3
       Blink             |       |       |     2 |     6 |     1 |     2 ||    11
       Static Discharge  |       |       |       |   108 |   270 |    40 ||   418
       Stone Arrow       |       |       |       |   205 |   960 |   286 ||  1451
       Slow              |       |       |       |     3 |       |       ||     3
       Lightning Bolt    |       |       |       |       |    58 |     1 ||    59
       Delayed Fireball  |       |       |       |       |     6 |     2 ||     8
       Freezing Cloud    |       |       |       |       |     2 |     2 ||     4
 Abil: Spit Poison       |       |       |       |     1 |     3 |       ||     4
       Release Delayed F |       |       |       |       |     6 |     2 ||     8
Evoke: Wand              |       |     2 |     5 |    11 |     5 |       ||    23
  Use: Scroll            |     3 |     5 |     5 |    20 |    27 |     8 ||    68
       Potion            |       |     2 |     3 |     6 |    11 |    13 ||    35
 Stab: Sleeping          |       |     2 |     1 |       |     1 |       ||     4
       Confused          |       |     1 |       |    11 |    10 |       ||    22
       Distracted        |       |       |       |       |     1 |       ||     1
  Eat: Chunk             |     1 |     6 |     9 |     6 |     5 |     5 ||    32
       Bread ration      |     1 |       |       |     3 |     4 |     1 ||     9
       Fruit             |       |     2 |       |     9 |     8 |       ||    19
       Beef jerky        |       |     1 |       |     8 |     1 |       ||    10
       Pizza             |       |       |     1 |     1 |     1 |       ||     3
       Meat ration       |       |       |     1 |       |     9 |     1 ||    11
       Royal jelly       |       |       |       |       |     1 |       ||     1
